 Dungeon Crawl Stone Soup version 0.26.1-11-gd32895ea62 (webtiles) character file.

Game seed: 13517329745606772011

127912 dtburroughs the Warrior (level 16, -3/149 HPs)
             Began as a Minotaur Berserker on June 8, 2021.
             Was a High Priest of Trog.
             Slain by a seven-headed hydra (8 damage)
             ... on level 1 of the Swamp on June 9, 2021.
             The game lasted 01:57:42 (29006 turns).

dtburroughs the Warrior (Minotaur Berserker)       Turns: 29006, Time: 01:57:43

Health: -3/149     AC: 23    Str: 25    XL:     16   Next: 47%
Magic:  15/15      EV: 14    Int:  8    God:    Trog [*****.]
Gold:   2317       SH: 22    Dex: 10    Spells: 15/15 levels left

rFire    . . .     SeeInvis +   x - +11 morningstar of Kismet {speed, rPois rC+}
rCold    + + .     Faith    +   I - +3 tower shield
rNeg     . . .     Spirit   .   a - +6 scale mail of Love and Death {rElec}
rPois    +         Reflect  .   X - +0 hat
rElec    +         Harm     .   R - +2 cloak "Qifof" {rC+ Regen+ SInv}
rCorr    +         Rampage  .   (no gloves)
Will     +....                  r - +2 pair of boots
Stlth    ..........             V - amulet of faith
HPRegen  0.74/turn              P - ring of poison resistance
MPRegen  0.14/turn              C - ring of resist corrosion

@: no status effects
A: retaliatory headbutt, horns 2
a: Renounce Religion, Berserk, Trog's Hand, Brothers in Arms


You were on level 1 of the Swamp.
You worshipped Trog.
Trog was extremely pleased with you.
You visited 4 branches of the dungeon, and saw 25 of its levels.
You also visited: Ice Cave.

You collected 2577 gold pieces.
You spent 260 gold pieces at shops.

Inventory:

Hand Weapons
 q - the +5 hand axe of Distant Shores {antimagic, rC+ Dex+3}
   (Trog gifted it to you on level 14 of the Dungeon)

   It reduces the magical energy of the wielder, and disrupts the spells and
   magical abilities of those hit.
   Natural abilities and divine invocations are not affected.
   It affects your dexterity (+3).
   It protects you from cold.
 x - the +11 morningstar of Kismet (weapon) {speed, rPois rC+}
   (You found it on level 1 of the Swamp)

   Attacks with this weapon are significantly faster.
   It protects you from cold.
   It protects you from poison.
 Y - a +7 war axe of flaming
Armour
 a - the +6 scale mail of Love and Death (worn) {rElec}
   (You found it on level 1 of the Swamp)

   It insulates you from electricity.
 r - a +2 pair of boots (worn)
 I - a +3 tower shield (worn)
 M - a +0 plate armour
 R - the +2 cloak "Qifof" (worn) {rC+ Regen+ SInv}
   (You found it on level 11 of the Dungeon)

   It protects you from cold.
   It lets you see invisible.
   It increases your rate of regeneration.
 X - a +0 hat (worn)
Jewellery
 C - a ring of resist corrosion (right hand)
 P - a ring of poison resistance (left hand)
 V - an amulet of faith (around neck)
Wands
 o - a wand of disintegration (13)
 p - a wand of iceblast (40)
 G - a wand of polymorph (7)
 J - a wand of digging (12)
 L - a wand of random effects (30)
 N - a wand of flame (17)
 U - a wand of enslavement (20)
Scrolls
 b - 12 scrolls of teleportation
 c - 5 scrolls of fear
 d - 5 scrolls of immolation
 e - 3 scrolls of blinking
 f - 13 scrolls of remove curse
 g - 2 scrolls of vulnerability {unknown}
 i - 2 scrolls of torment {unknown}
 k - 9 scrolls of magic mapping
 u - 3 scrolls of fog
 H - a scroll of summoning {unknown}
 O - 2 scrolls of noise {unknown}
 Q - a scroll of brand weapon {unknown}
Potions
 h - 10 potions of curing
 j - a potion of magic {unknown}
 l - 6 potions of mutation
 n - 2 potions of brilliance {unknown}
 s - 2 potions of invisibility {unknown}
 t - 4 potions of resistance
 v - 4 potions of flight
 w - 4 potions of lignification
 y - 2 potions of berserk rage {unknown}
 z - 4 potions of degeneration {unknown}
 A - a potion of ambrosia {unknown}
 D - 3 potions of cancellation {unknown}
 E - 3 potions of might {unknown}
 F - 4 potions of haste
 K - a potion of attraction {unknown}
 T - 3 potions of heal wounds {unknown}
Miscellaneous
 W - a lightning rod (4/4)


   Skills:
 + Level 15.2 Fighting
 + Level 15.1 Axes
 + Level 15.0 Armour
 + Level 13.9 Dodging
 + Level 13.1 Shields
 + Level 10.9 Evocations


You had 15 spell levels left.
You didn't know any spells.
Your spell library was empty.

Dungeon Overview and Level Annotations

Branches:
Dungeon (15/15)            Temple (0/1) D:4            Lair (6/6) D:11
  Swamp (2/4) Lair:2       Spider (0/4) Lair:4        Slime (0/5) Lair:6
    Orc (2/2) D:12            Elf (0/3) Orc:2        Vaults (0/5) D:13
 Depths (0/5) D:15          IceCv (visited)

Altars:
Gozag
Okawaru
Qazlal
Ru
Uskayaw
Vehumet
Xom
The Shining One

Shops:
D:4 =   D:8 [*   D:13 :   D:14 ?   Orc:2 *:!=   Swamp:1 *

Portals:
Trove: D:11 (show abyssal rune of Zot)

Annotations:
D:10 2 transporters, Icepheonix32's ghost, journeyman TeAE
D:11 2 transporters, tehphobia's ghost, journeyman GrFi
Swamp:1 1 runed translucent door, aphrod's ghost, adept DrTm


Innate Abilities, Weirdness & Mutations

You reflexively headbutt those who attack you in melee.
You have a pair of horns on your head.


Message History

With its final breath, the spriggan druid offers up its power to the beasts of the wild!
The seven-headed hydra is healed.
The seven-headed hydra seems to grow more fierce.
The spriggan druid dies!
Trog accepts your kill.
Trog appreciates your killing of a magic user.
The forest abruptly stops moving.
Your troll rages. x2
You bludgeon the seven-headed hydra!! You headbutt the seven-headed hydra!
The seven-headed hydra is almost dead.
You block the seven-headed hydra's attack.
The seven-headed hydra barely misses you.
You block the seven-headed hydra's attack.
The seven-headed hydra bites you!!
* * * LOW HITPOINT WARNING * * *
The seven-headed hydra closely misses you.
The seven-headed hydra bites you.
* * * LOW HITPOINT WARNING * * *
The seven-headed hydra bites you!
You die...

♣♣.≈♣♣♣≈≈≈≈.≈≈≈≈...##....≈≈÷≈...
♣.≈≈≈♣♣..≈≈≈§≈≈....#.....≈....≈≈
♣.≈≈≈≈♣≈..≈≈.######[##.####<.≈≈§
♣♣.≈♣♣♣≈♣....###...#.####.##≈≈≈.
♣♣≈♣≈≈♣♣..♣..≈....##......§....
♣♣♣≈≈≈≈♣♣♣♣..♣...##....§≈...♣.
♣≈≈≈≈♣♣♣♣.≈≈...##..≈..≈≈.♣♣≈
♣≈≈≈♣≈.♣♣..§≈..##..≈...≈≈♣♣≈
♣≈♣♣♣≈≈.≈♣TD@≈..##.≈.......♣♣ ♣♣
♣.)>....≈♣≈.##≈♣.♣≈..≈..♣
♣♣♣♣♣♣≈♣♣♣.≈#≈.§♣♣♣≈♣♣≈♣♣
♣♣♣.♣...♣.♣♣ ♣♣♣♣♣♣ ♣≈...≈≈.≈≈♣
♣♣.♣≈≈.♣.♣♣ ♣♣♣♣≈♣♣♣♣ ♣♣♣


You could see a seven-headed hydra (strong) and a friendly troll (summoned,
berserk).

Vanquished Creatures
  Rupert (Lair:3)
  Gastronok (Lair:3)
  An ironheart preserver (D:13)
  Nessos (Lair:4)
  2 eleionomae (Swamp:1)
  Snorg (Orc:1)
  2 fire dragons (D:15)
  Josephine (D:13)
  8 boulder beetles
  5 hydras
  A centaur warrior (D:13)
  13 two-headed ogres
  2 ogre magi (D:15)
  Erica (Lair:2)
  A queen ant (Lair:3)
  5 alligators (Swamp:1)
  A tengu warrior (D:14)
  12 death yaks
  2 orc high priests (Orc:2)
  Sonja (Orc:2)
  4 skeletal warriors (D:14)
  A goliath frog (Swamp:1)
  2 unseen horrors
  2 bog bodies (Lair:2)
  A swamp dragon (Swamp:1)
  4 orc knights
  A wizard (D:14)
  A necromancer (IceCv)
  7 ugly things
  5 deep elf magi
  6 oklob plants
  A manticore (D:14)
  5 orc sorcerers
  A wolf spider (Lair:5)
  A cyclops (D:14)
  A will-o-the-wisp (Swamp:1)
  11 elephants
  An ice statue (IceCv)
  A black mamba (Lair:3)
  2 torpor snails
  A gargoyle (D:11)
  16 cane toads
  3 komodo dragons
  5 freezing wraiths (IceCv)
  6 hornets
  10 trolls
  2 jumping spiders (Lair:4)
  5 polar bears
  3 tyrant leeches (Swamp:1)
  Prince Ribbit (D:9)
  Grinder (D:4)
  18 blink frogs
  15 dream sheep
  14 spriggans (Lair:6)
  A tarantella (Lair:5)
  4 redbacks
  A shadow (D:12)
  6 wyverns
  7 wraiths
  52 yaks
  2 basilisks
  5 vampire mosquitoes
  Edmund (D:5)
  2 steam dragons
  2 death yak simulacra (IceCv)
  Menkaure (D:7)
  3 wargs
  2 acid dragons
  2 swamp worms (Swamp:1)
  12 soldier ants
  17 water moccasins
  A floating eye (D:13)
  17 orc warriors
  8 sky beasts
  16 ice beasts
  4 boggarts (Lair:6)
  5 black bears
  An eye of draining (D:12)
  15 ogres
  18 wolves (Lair:6)
  4 phantoms
  6 centaurs
  3 big kobolds
  A gnoll sergeant (D:8)
  17 bullfrogs
  2 wyvern zombies
  11 scorpions
  19 wights
  10 killer bees
  4 electric eels
  7 centaur zombies
  A lava snake (D:14)
  A bullfrog zombie (D:13)
  21 orc priests
  6 hounds
  3 jellies
  3 bullfrog skeletons
  7 centaur skeletons
  30 orc wizards
  A gnoll shaman (D:4)
  Ijyb (D:4)
  4 iguanas
  49 worker ants
  3 spriggan simulacra (IceCv)
  9 troll simulacra (IceCv)
  A wolf simulacrum (IceCv)
  A hound skeleton (D:9)
  A howler monkey zombie (D:5)
  Robin (D:3)
  8 gnolls
  10 adders
  5 ogre simulacra (IceCv)
  2 shadow imps (D:6)
  13 white imps
  An ufetubus (D:8)
  An ooze (D:4)
  2 adder zombies
  5 adder skeletons
  2 worms
  A dart slug (D:1)
  7 leopard geckos
  71 orcs
  6 giant cockroaches
  16 goblins
  8 hobgoblins
  5 jackals
  14 kobolds
  8 quokkas
  A ball python (D:9)
  6 bats
  2 frilled lizards (D:5)
  A leopard gecko skeleton (D:6)
  A leopard gecko zombie (D:9)
  2 quokka zombies
  5 rats
  2 bushes (D:13)
857 creatures vanquished.

Vanquished Creatures (collateral kills)
  An eleionoma (Swamp:1)
  An ice dragon (D:15)
  A hydra (Lair:1)
  A death knight (D:13)
  An alligator (Swamp:1)
  An orc high priest (Orc:2)
  A spriggan druid (Swamp:1)
  An orc knight (Orc:2)
  A centaur zombie (D:13)
  5 freezing wraiths (IceCv)
  A tengu conjurer (D:14)
  A troll (D:13)
  A wraith (D:15)
  A death yak simulacrum (IceCv)
  An ice beast (IceCv)
  4 orc warriors (D:12)
  6 wights
  2 orc priests (D:12)
  An orc wizard (D:12)
  A troll simulacrum (IceCv)
  2 naga simulacra (IceCv)
  5 orcs (D:12)
40 creatures vanquished.

Vanquished Creatures (others)
  An unseen horror (D:14)
  An orc (D:4)
  A quokka (D:12)
  8 foxfires (Swamp:1)
  32 fungi
  83 plants
126 creatures vanquished.

Grand Total: 1023 creatures vanquished

Notes
Turn   | Place    | Note
-------+----------+-------------------------------------------
     0 | D:1      | dtburroughs the Minotaur Berserker began the quest for the
                  | Orb.
     0 | D:1      | Reached XP level 1. HP: 19/19 MP: 0/0
   634 | D:1      | Reached XP level 2. HP: 27/27 MP: 1/1
  1259 | D:2      | Reached ** piety under Trog
  1394 | D:2      | Reached XP level 3. HP: 33/33 MP: 2/2
  1955 | D:2      | Reached XP level 4. HP: 41/41 MP: 3/3
  2260 | D:3      | Noticed Robin
  2281 | D:3      | Killed Robin
  2897 | D:3      | Reached *** piety under Trog
  2966 | D:4      | Noticed Ijyb
  2978 | D:4      | Killed Ijyb
  2979 | D:4      | Reached XP level 5. HP: 31/47 MP: 4/4
  3134 | D:4      | Found a staircase to the Ecumenical Temple.
  3141 | D:4      | Reached skill level 5 in Fighting
  3141 | D:4      | Reached skill level 5 in Axes
  3144 | D:4      | Identified the Catalogue of Captivating Air
  3207 | D:4      | Noticed a phantom
  3252 | D:4      | Killed a phantom
  3253 | D:4      | Reached XP level 6. HP: 53/56 MP: 5/5
  3266 | D:4      | Noticed Grinder
  3301 | D:4      | Killed Grinder
  3302 | D:4      | Reached XP level 7. HP: 52/62 MP: 6/6
  3340 | D:4      | Found Ine Guza's Jewellery Shop.
  3451 | D:4      | Found a glowing golden altar of the Shining One.
  3576 | D:5      | Entered Level 5 of the Dungeon
  3590 | D:4      | Reached skill level 5 in Armour
  3716 | D:5      | Reached skill level 5 in Dodging
  3835 | D:5      | Reached XP level 8. HP: 71/71 MP: 7/7
  3955 | D:5      | Found a stormy altar of Qazlal.
  4131 | D:5      | Noticed Edmund
  4141 | D:5      | Killed Edmund
  4520 | D:6      | Reached **** piety under Trog
  4748 | D:6      | Reached skill level 1 in Evocations
  5116 | D:6      | Found a sacrificial altar of Ru.
  5125 | D:6      | You fall into a shaft and drop 3 floors!
  5125 | D:9      | Noticed Prince Ribbit
  5142 | D:9      | Killed Prince Ribbit
  5143 | D:9      | Reached XP level 9. HP: 72/81 MP: 8/8
  5208 | D:9      | Found a sacrificial altar of Ru.
  5614 | D:9      | Noticed a deep elf mage
  5636 | D:9      | Killed a deep elf mage
  5842 | D:9      | Noticed a +0 dagger
  5849 | D:9      | Noticed a +0 dagger
  5852 | D:9      | Found a hide-covered altar of Uskayaw.
  6268 | D:9      | Reached skill level 1 in Shields
  6268 | D:9      | Reached XP level 10. HP: 91/91 MP: 9/9
  6289 | D:10     | Entered Level 10 of the Dungeon
  6454 | D:10     | Found a transporter.
  6461 | D:10     | Noticed Icepheonix32's ghost (journeyman TeAE)
  6467 | D:10     | Found a transporter.
  6617 | D:10     | Reached ***** piety under Trog
  7198 | D:8      | Found Ideomewk's Antique Armour Emporium.
  7198 | D:8      | Found Hinlav's Humungous Hoard.
  7518 | D:7      | Received a gift from Trog
  7940 | D:7      | Noticed Menkaure
  7942 | D:7      | Killed Menkaure
  8240 | D:8      | Found an opulent altar of Gozag.
  8438 | D:8      | Reached skill level 5 in Evocations
  8585 | D:8      | Found an iron altar of Okawaru.
  9074 | D:6      | Found a radiant altar of Vehumet.
  9238 | D:6      | Found a shimmering altar of Xom.
  9298 | D:4      | Bought an uncursed ring of poison resistance for 260 gold
                  | pieces
  9301 | D:4      | Got a shimmering ring mail
  9313 | D:4      | Identified the +2 ring mail "Qudgha" {rPois Str-3 Slay+4}
                  | (You found it on level 4 of the Dungeon)
  9534 | D:11     | Noticed tehphobia's ghost (journeyman GrFi)
  9550 | D:11     | Found a transporter.
  9568 | D:11     | Found a transporter.
  9574 | D:11     | Noticed a moth of wrath
  9577 | D:11     | Got a faintly glowing cloak
  9583 | D:11     | Identified the +2 cloak "Qifof" {rC+ Regen+ SInv} (You
                  | found it on level 11 of the Dungeon)
  9592 | D:11     | Noticed an unseen horror
  9601 | D:11     | Killed an unseen horror
  9602 | D:11     | Reached skill level 10 in Fighting
  9602 | D:11     | Reached skill level 10 in Axes
  9602 | D:11     | Reached XP level 11. HP: 99/99 MP: 10/10
  9684 | D:11     | Found a staircase to the Lair.
  9870 | D:11     | Noticed a cyan ugly thing
  9880 | D:11     | Killed a cyan ugly thing
  9881 | D:11     | Reached skill level 5 in Shields
  9926 | D:11     | Found a shimmering altar of Xom.
  9927 | D:11     | Found a shimmering altar of Xom.
  9927 | D:11     | Found a shimmering altar of Xom.
  9928 | D:11     | Found a shimmering altar of Xom.
  9928 | D:11     | Found a shimmering altar of Xom.
 10176 | D:11     | Found a portal to a secret trove of treasure.
 10354 | D:12     | Noticed a deep elf mage
 10361 | D:12     | Reached skill level 10 in Armour
 10367 | D:12     | Killed a deep elf mage
 10524 | D:12     | Noticed a boulder beetle
 10543 | D:12     | Killed a boulder beetle
 10705 | D:12     | Noticed a deep elf mage
 10815 | D:12     | Noticed a two-headed ogre
 10823 | D:12     | Killed a two-headed ogre
 10981 | D:12     | Killed a deep elf mage
 11109 | D:12     | Reached XP level 12. HP: 80/110 MP: 11/11
 11149 | D:12     | Found a staircase to the Orcish Mines.
 11201 | D:12     | Noticed a boulder beetle
 11214 | D:12     | Killed a boulder beetle
 11215 | D:12     | Reached skill level 10 in Dodging
 11753 | D:13     | Noticed a boulder beetle
 11754 | D:13     | Noticed a death knight
 11754 | D:13     | Noticed an ironheart preserver
 11755 | D:13     | Found a gate to the Vaults.
 11790 | D:13     | Paralysed by a floating eye for 2 turns
 11792 | D:13     | Killed an ironheart preserver
 11798 | D:13     | Killed a boulder beetle
 11810 | D:13     | Killed a death knight
 11886 | D:13     | Found Dugim's Book Boutique.
 12115 | D:13     | Noticed a two-headed ogre
 12133 | D:13     | Killed a two-headed ogre
 12287 | D:13     | Received a gift from Trog
 12676 | D:13     | Noticed a centaur warrior
 12697 | D:13     | Killed a centaur warrior
 12970 | D:13     | Noticed Josephine
 12980 | D:13     | Killed Josephine
 13227 | Lair:1   | Entered Level 1 of the Lair of Beasts
 13242 | Lair:1   | Noticed a seven-headed hydra
 13410 | Lair:1   | Killed a seven-headed hydra
 13531 | Lair:1   | Noticed a four-headed hydra
 13541 | Lair:1   | Killed a four-headed hydra
 13542 | Lair:1   | Reached XP level 13. HP: 52/118 MP: 12/12
 13744 | Lair:1   | Found a frozen archway.
 13765 | IceCv    | Entered an ice cave
 13951 | IceCv    | HP: 2/118 [freezing wraith (8)]
 14451 | IceCv    | Found an ancient bone altar of Kikubaaqudgha.
 15547 | Lair:2   | Noticed Erica
 15555 | Lair:2   | Killed Erica
 15711 | Lair:2   | Found a staircase to the Swamp.
 16561 | Lair:3   | Noticed Rupert
 16573 | Lair:3   | Killed Rupert
 16832 | Lair:3   | Noticed Gastronok
 16849 | Lair:3   | Killed Gastronok
 16879 | Lair:3   | Received a gift from Trog
 17364 | Lair:3   | Reached skill level 10 in Shields
 17377 | Lair:3   | Reached XP level 14. HP: 129/129 MP: 13/13
 18705 | Lair:4   | Got a blackened flail
 18706 | Lair:4   | Identified the +7 flail "Jelly's Death Toll" {vorpal, rElec
                  | rPois} (You found it on level 4 of the Lair of Beasts)
 18975 | Lair:4   | Found a dark tunnel.
 19040 | Lair:4   | Noticed Nessos
 19047 | Lair:4   | Killed Nessos
 19097 | Lair:4   | Found a hole to the Spider Nest.
 19994 | Lair:5   | Received a gift from Trog
 19997 | Lair:5   | Got a polished war axe {god gift}
 19998 | Lair:5   | Identified the +2 war axe of Immorality {vorpal, rN+ Str+2
                  | Int+5} (Trog gifted it to you on level 5 of the Lair of
                  | Beasts)
 20177 | Lair:5   | Found a runed translucent door.
 20211 | Lair:5   | Got a brightly glowing whip
 20240 | Lair:5   | Identified the +7 whip of Mayvyt {venom, Dex+3} (You found
                  | it on level 5 of the Lair of Beasts)
 20262 | Lair:5   | Got a jewelled hat
 20280 | Lair:5   | Identified the +2 hat "Tithru" {rF+ Str-5 SInv} (You found
                  | it on level 5 of the Lair of Beasts)
 20854 | Lair:6   | Entered Level 6 of the Lair of Beasts
 21387 | Lair:6   | Reached XP level 15. HP: 137/137 MP: 14/14
 21485 | Lair:6   | Got a pitted whip
 21487 | Lair:6   | Identified the cursed +0 whip of Melee {vorpal, +Fly} (You
                  | found it on level 6 of the Lair of Beasts)
 21740 | Lair:6   | Received a gift from Trog
 22294 | Lair:6   | Found a staircase to the Slime Pits.
 22525 | Lair:6   | Reached skill level 10 in Evocations
 23209 | D:14     | Reached ****** piety under Trog
 23368 | D:14     | Found Eratwo Fisib's Magic Scroll Emporium.
 23846 | D:14     | Received a gift from Trog
 23849 | D:14     | Got a translucent hand axe {god gift}
 23850 | D:14     | Identified the +5 hand axe of Distant Shores {antimagic,
                  | rC+ Dex+3} (Trog gifted it to you on level 14 of the
                  | Dungeon)
 24336 | D:15     | Entered Level 15 of the Dungeon
 24359 | D:15     | Found a gate leading to a gauntlet.
 24738 | D:15     | Found a sacrificial altar of Ru.
 25045 | D:15     | Found a staircase to the Depths.
 25269 | D:15     | Received a gift from Trog
 25281 | D:15     | Reached XP level 16. HP: 119/147 MP: 15/15
 25816 | Orc:1    | Entered Level 1 of the Orcish Mines
 25901 | Orc:1    | Noticed Snorg
 25919 | Orc:1    | Killed Snorg
 26137 | Orc:2    | Entered Level 2 of the Orcish Mines
 26249 | Orc:2    | Found Wiemits's Jewellery Emporium.
 26274 | Orc:2    | Reached skill level 15 in Fighting
 26632 | Orc:2    | Noticed Sonja
 26665 | Orc:2    | Received a gift from Trog
 26699 | Orc:2    | Killed Sonja
 26929 | Orc:2    | Found a staircase to the Elven Halls.
 27204 | Orc:2    | Found Cinycwah's General Store.
 27207 | Orc:2    | Found Bamack's Distillery.
 27218 | Orc:2    | Found Kifoored's Book Shop.
 27973 | Swamp:1  | Entered Level 1 of the Swamp
 28078 | Swamp:1  | Reached skill level 15 in Axes
 28093 | Swamp:1  | Got a smoking scale mail
 28349 | Swamp:1  | Reached skill level 15 in Armour
 28457 | Swamp:1  | Identified the +6 scale mail of Love and Death {rElec} (You
                  | found it on level 1 of the Swamp)
 28493 | Swamp:1  | Found Eqaux's Island Escapes.
 28508 | Swamp:1  | Found a runed translucent door.
 28508 | Swamp:1  | Noticed aphrod's ghost (adept DrTm)
 28680 | Swamp:1  | Got a shimmering morningstar
 28686 | Swamp:1  | Identified the +11 morningstar of Kismet {speed, rPois rC+}
                  | (You found it on level 1 of the Swamp)
 29006 | Swamp:1  | HP: 5/149 [seven-headed hydra (3)]
 29006 | Swamp:1  | Slain by a seven-headed hydra

Illustrated notes

Levels and vault maps discovered:
D:1:      lightli_arrival_statue_moat, layout_loops_cross, minmay_crystal_water,
          chequers_serial_rivers_micro_d, minmay_3d_cube
D:2:      layout_basic
D:3:      layout_rooms, uniq_robin
D:4:      layout_rooms, tso_altar, minmay_temple_entry_glassed_door,
          serial_glass, glass_columns_a, glass_columns_a, glass_columns_a,
          glass_columns_b, glass_columns_b, glass_columns_c, glass_columns_a,
          glass_columns_b, serial_shops, kennysheep_little_box, uniq_grinder,
          uniq_ijyb
D:5:      layout_cave_pools, nicolae_overflow_crystal_walls,
          chequers_serial_rivers_micro_e, uniq_edmund
D:6:      layout_loops_corners, kennysheep_mini_moat, basic_altar,
          vehumet_altar_wand_db
D:7:      layout_gridville, uniq_menkaure
D:8:      layout_rooms, lemuel_doored_altar, serial_shops, nicolae_shop_trees,
          minmay_door_square, kennysheep_doodads, nicolae_alphabet_shops,
          okawaru_ov_weapons_minmay
D:9:      kennysheep_blocky_room, layout_basic,
          nicolae_ru_great_annihilating_truth, dancing_weapons_uskayaw,
          serial_glass, glass_columns_c, glass_columns_a, solitary_fountain,
          uniq_prince_ribbit1
D:10:     layout_irregular_city, gammafunk_ghost_stat_death, lemuel_old_faithful
D:11:     layout_loops_ring, erik_lair_orcish_takeover,
          gammafunk_ghost_berserking_beasts, nicolae_trove_entry_crystal,
          xom_redecorated
D:12:     minmay_s_stair_smasher, layout_loops_ring, david_orc_4, minivault_23
D:13:     layout_cave_pods, skrybe_vaults_entry_preservation, enter_bailey_1,
          serial_shops, shop, disabler_island, uniq_josephine
D:14:     layout_gridville, serial_shops, shop, kennysheep_cluttered_room
D:15:     grunt_enter_depths_hoard, layout_irregular_city,
          gauntlet_entry_generic, basic_altar, minmay_strange_pillars,
          amcnicky_mini_rare_corridor_liquid
Lair:1:   layout_gridlike, portal_ice_cave_entry_ice_beasts,
          chequers_serial_rivers_micro_e, grunt_forest_small_clearing_treed,
          serial_bayou_shore_a, grunt_megastairs_5
Lair:2:   layout_roguey, skrybe_swamp_entry_bodies, amcnicky_mini_pool_medium,
          uniq_erica
Lair:3:   minmay_lair_oklob_tunnel, layout_small_grid, zaba_anthell,
          uniq_rupert, uniq_gastronok
Lair:4:   layout_long_grid, spider_nest_entry_funnel_web,
          nicolae_volcano_entry_s_turn, uniq_nessos
Lair:5:   gammafunk_indiana_jones, layout_regular_city,
          chequers_serial_rivers_micro_c
Lair:6:   minmay_lair_end_enchanted_forest, layout_regular_city,
          dpeg_slime_entry_corner, infiniplex_staircase_pool_2,
          grunt_megastairs_1
Swamp:1:  layout_basic_swamp, ebering_ghost_reflecting_pool,
          evilmike_swamp_ruin_wall, swamp_pool3, nicolae_island_escapes
Swamp:2:  layout_falls_marsh, nicolae_swamp_trees_clearing
Orc:1:    layout_caves, uniq_snorg
Orc:2:    st_orc_elflike, layout_diamond_mine, uniq_sonja

Skill      XL: |  1  2  3  4  5  6  7  8  9 10 11 12 13 14 15 16 |
---------------+-------------------------------------------------+-----
Fighting       | 4 5 6 7 9 10 11 12 13 14 15 | 15.2
Axes           | 4 5 6 7 9 10 11 12 13 14 15 | 15.1
Armour         | 3 4 6 7 8 9 10 11 12 13 14 15 | 15.0
Dodging        | 3 4 5 6 7 8 9 10 11 12 13 | 13.9
Evocations     | 2 3 5 6 7 8 9 10 | 10.9
Shields        | 1 4 6 8 10 11 12 13 | 13.1

Action                   |  1- 3 |  4- 6 |  7- 9 | 10-12 | 13-15 | 16-18 || total
-------------------------+-------+-------+-------+-------+-------+-------++-------
Melee: Hand axe          |     7 |       |       |       |    82 |       ||    89
       Whip              |    60 |   117 |    29 |       |       |       ||   206
       Headbutt          |    17 |    17 |    63 |   147 |   296 |    54 ||   594
       War axe           |       |       |   284 |   123 |   975 |   222 ||  1604
       Broad axe         |       |       |       |   584 |   183 |       ||   767
       Morningstar       |       |       |       |    10 |    27 |    20 ||    57
       Flail             |       |       |       |       |    15 |       ||    15
Invok: Trog's Hand       |       |     2 |     1 |    10 |    11 |     6 ||    30
       Brothers in Arms  |       |       |       |     4 |     5 |     3 ||    12
Evoke: Wand              |       |       |     1 |    18 |    40 |    10 ||    69
  Use: Scroll            |       |       |     7 |    11 |    16 |     1 ||    35
       Potion            |       |       |       |       |     2 |     2 ||     4
 Stab: Paralysed         |       |       |     1 |    15 |     8 |       ||    24
Armor: Scale mail        |    21 |    13 |       |       |       |    13 ||    47
       Leather armour    |     2 |       |       |       |       |       ||     2
       Animal skin       |     1 |       |       |       |       |       ||     1
       Chain mail        |       |    62 |   112 |    33 |       |       ||   207
       Plate armour      |       |       |       |    54 |   225 |    82 ||   361
       Ring mail         |       |       |       |   149 |   133 |       ||   282
Dodge: Dodged            |    48 |    61 |   152 |   186 |   324 |    65 ||   836
Block: Tower shield      |       |       |    22 |   545 |  1151 |   273 ||  1991
